 Dungeon Crawl Stone Soup version 0.17.0-57-g0e89251 (webtiles) character file.

8179 JokEr the Severer (level 11, -9/82 HPs)
             Began as a Minotaur Berserker on Dec 7, 2015.
             Was a High Priest of Trog.
             Mangled by an orc warrior
             ... wielding a +0 morningstar
              (10 damage)
             ... while paralysed
             ... on level 10 of the Dungeon.
             The game lasted 00:40:03 (12852 turns).

JokEr the Severer (Minotaur Berserker)             Turns: 12852, Time: 00:40:03

Health: -9/82      AC: 12    Str: 25    XL:     11   Next: 6%
Magic:  10/10      EV:  2    Int:  4    God:    Trog [*****.]
Gold:   538        SH:  0    Dex: 10    Spells: 0 memorised, 10 levels left

rFire  . . .     SeeInvis .     d - +2 war axe
rCold  . . .     Clarity  .     j - +1 plate armour
rNeg   . . .     SustAt   .     y - +0 shield
rPois  .         Gourm    .     (helmet restricted)
rElec  .         Spirit   .     (no cloak)
rCorr  .         Warding  .     (no gloves)
rMut   .         Stasis   .     (no boots)
MR     +....                    s - amulet of inaccuracy
Stlth  ..........               (no ring)
                                p - ring of protection from magic

@: paralysed, fainting, somewhat resistant to hostile enchantments, extremely
unstealthy
A: retaliatory headbutt, horns 2
a: Berserk, Trog's Hand, Brothers in Arms, Burn Spellbooks, Renounce Religion


You were on level 10 of the Dungeon.
You worshipped Trog.
Trog was extremely pleased with you.
You were fainting.

You visited 1 branch of the dungeon, and saw 10 of its levels.

You collected 577 gold pieces.
You spent 39 gold pieces at shops.

Inventory:

Hand Weapons
 a - a +0 hand axe
 d - a +2 war axe (weapon)
Missiles
 t - 5 tomahawks of returning (quivered)
Armour
 b - a +0 animal skin
 j - a +1 plate armour (worn)
 u - a +2 leather armour of poison resistance
 y - a +0 shield (worn)
Jewellery
 m - an uncursed ring of sustain attributes
 p - a ring of protection from magic (left hand)
 s - an amulet of inaccuracy (around neck)
Wands
 x - a wand of digging (9)
Scrolls
 k - a scroll of identify
 l - 4 scrolls of teleportation
 A - 2 scrolls of remove curse
Potions
 e - 2 potions of magic
 f - a potion of cure mutation
 g - a potion of haste
 h - 3 potions of brilliance
 i - a potion of degeneration
 n - a potion of agility
 o - a potion of ambrosia
 q - a potion of flight
 r - 2 potions of lignification


   Skills:
 - Level 3.6 Fighting
 + Level 18.8 Axes
 - Level 2.4 Armour
 - Level 2.1 Dodging


You had 10 spell levels left.
You didn't know any spells.

Dungeon Overview and Level Annotations

Branches:
Dungeon (10/15)            Temple (0/1) D:6            Lair (0/8) D:9
    Orc: D:9-12

Altars:
Ashenzari
Cheibriados
Fedhas
Kikubaaqudgha
Nemelex Xobeh
Okawaru
Ru
Sif Muna
Trog
Xom

Shops:
D:6 *   D:8 }


Innate Abilities, Weirdness & Mutations

You reflexively headbutt those who attack you in melee.
You have a pair of horns on your head.


Message History

The orc warrior hits you but does no damage.
The orc warrior hits you with a morningstar!
* * * LOW HITPOINT WARNING * * *
The orc hits you but does no damage.
The orc warrior hits you with a morningstar.
* * * LOW HITPOINT WARNING * * *
The orc hits you but does no damage.
An orc comes into view. It is wielding a dagger.
The orc shouts!
The orc moves out of view.
The orc shouts!
The orc warrior hits you with a morningstar.
* * * LOW HITPOINT WARNING * * *
The orc hits you but does no damage. The orc hits you but does no damage. x2
The orc hits you with a flail.
* * * LOW HITPOINT WARNING * * *
The orc barely misses you.
The orc warrior hits you with a morningstar!
You die...

#o.....# #......# #
#......# #..#...o..#
#.'...o..+ #...[))#
.... #####)## ##...
#####oo## #####..##
#....o@o# #........
#.......# #........
+.......# #####........
#.......###...'........
#.......#)..###........
#.......')### #........
#.......### #........
#.......# ####'####
#.......# #.#


You could see an orc warrior and 5 orcs.

Vanquished Creatures
  Erolcha (D:9)
  An unseen horror (D:10)
  Joseph (D:7)
  3 trolls
  A two-headed ogre (D:8)
  Grinder (D:3)
  A yak (D:5)
  Eustachio (D:5)
  Grum (D:8)
  A steam dragon (D:9)
  3 wolves (D:8)
  Menkaure (D:5)
  A water moccasin (D:8)
  An ice beast (D:5)
  4 orc warriors
  3 sky beasts
  2 ogres
  A black bear (D:6)
  4 phantoms
  6 centaurs
  A big kobold (D:7)
  A gnoll sergeant (D:7)
  10 giant frogs
  A wyvern skeleton (D:8)
  A scorpion (D:5)
  2 jellies (D:8)
  A quasit (D:9)
  5 wights (D:6)
  8 crimson imps
  3 orc priests
  2 centaur zombies
  2 giant frog skeletons
  8 hounds
  A centaur skeleton (D:4)
  3 iguanas
  Jessica (D:3)
  3 orc wizards
  5 worker ants
  A hound skeleton (D:4)
  A worker ant zombie (D:10)
  Robin (D:2)
  11 gnolls
  10 adders
  A shadow imp (D:9)
  3 adder skeletons
  An adder zombie (D:7)
  4 worms
  7 giant geckos
  37 orcs
  9 giant cockroaches
  11 hobgoblins
  15 jackals
  4 quokkas
  A ball python (D:3)
  6 bats
  A giant cockroach zombie (D:5)
  6 giant newts
  16 goblins
  18 kobolds
  A quokka zombie (D:5)
  4 rats
265 creatures vanquished.

Vanquished Creatures (others)
  5 sheep (D:8)
5 creatures vanquished.

Grand Total: 270 creatures vanquished

Notes
Turn   | Place    | Note
--------------------------------------------------------------
     0 | D:1      | JokEr the Minotaur Berserker began the quest for the Orb.
     0 | D:1      | Reached XP level 1. HP: 19/19 MP: 0/0
    32 | D:1      | Reached skill level 4 in Axes
   115 | D:1      | Reached XP level 2. HP: 26/26 MP: 1/1
   772 | D:1      | Reached skill level 5 in Axes
   821 | D:1      | Reached ** piety under Trog
   821 | D:1      | Reached XP level 3. HP: 20/31 MP: 2/2
  1496 | D:2      | Noticed Robin
  1509 | D:2      | Killed Robin
  1679 | D:2      | Reached XP level 4. HP: 39/39 MP: 3/3
  1884 | D:2      | Reached skill level 6 in Axes
  1926 | D:2      | Found a sacrificial altar of Ru.
  2318 | D:3      | Noticed Jessica
  2330 | D:3      | Killed Jessica
  2505 | D:3      | Noticed Grinder
  2514 | D:3      | Reached *** piety under Trog
  2527 | D:3      | Killed Grinder
  2527 | D:3      | Reached skill level 8 in Axes
  2527 | D:3      | Reached XP level 5. HP: 19/45 MP: 4/4
  2527 | D:3      | Reached XP level 6. HP: 21/51 MP: 5/5
  3253 | D:4      | Reached skill level 9 in Axes
  3450 | D:4      | Found an iron altar of Okawaru.
  3457 | D:4      | Reached XP level 7. HP: 57/57 MP: 6/6
  3507 | D:4      | Found a deep blue altar of Sif Muna.
  3565 | D:4      | Reached skill level 10 in Axes
  3661 | D:5      | Entered Level 5 of the Dungeon
  3780 | D:5      | Noticed Eustachio
  3790 | D:5      | Killed Eustachio
  3790 | D:5      | Reached skill level 11 in Axes
  4041 | D:5      | Reached XP level 8. HP: 64/64 MP: 7/7
  4125 | D:5      | Noticed Menkaure
  4132 | D:5      | Killed Menkaure
  4231 | D:5      | Reached skill level 12 in Axes
  4345 | D:5      | Reached **** piety under Trog
  4663 | D:5      | Reached skill level 13 in Axes
  4789 | D:5      | Found a sparkling altar of Nemelex Xobeh.
  4790 | D:5      | Found a bloodstained altar of Trog.
  5253 | D:5      | HP: 2/64 [yak (9)]
  5753 | D:6      | Reached XP level 9. HP: 30/70 MP: 8/8
  5982 | D:6      | Reached skill level 14 in Axes
  6161 | D:6      | Found a snail-covered altar of Cheibriados.
  6238 | D:6      | Found a shattered altar of Ashenzari.
  6242 | D:6      | Saw a vision of the Shoals and the Snake Pit.
  6242 | D:6      | Noticed a merfolk
  6242 | D:6      | Noticed a sea snake
  6242 | D:6      | Noticed a black mamba
  6242 | D:6      | Noticed a mana viper
  6242 | D:6      | Noticed a merfolk
  6242 | D:6      | Noticed a black mamba
  6272 | D:6      | Found Keapsaz's General Store.
  6290 | D:6      | Bought a scroll of remove curse for 39 gold pieces
  6482 | D:6      | Found a staircase to the Ecumenical Temple.
  6703 | D:7      | Received a gift from Trog
  6900 | D:7      | Noticed Joseph
  6924 | D:7      | Killed Joseph
  6924 | D:7      | Reached skill level 15 in Axes
  7412 | D:7      | HP: 1/70 [ogre/giant spiked club (24)]
  8428 | D:7      | Reached skill level 16 in Axes
  8524 | D:7      | Found a blossoming altar of Fedhas.
  8830 | D:8      | Reached XP level 10. HP: 77/77 MP: 9/9
  9130 | D:8      | Found Yry Fomp's Gadget Boutique.
  9332 | D:8      | Found an ancient bone altar of Kikubaaqudgha.
  9657 | D:8      | Found a shimmering altar of Xom.
  9665 | D:8      | Noticed Grum
  9707 | D:8      | Killed Grum
  9707 | D:8      | Reached ***** piety under Trog
  9707 | D:8      | Reached skill level 17 in Axes
 10672 | D:9      | Noticed Erolcha
 10690 | D:9      | Killed Erolcha
 11062 | D:9      | Reached skill level 18 in Axes
 11238 | D:9      | Found a staircase to the Lair.
 12501 | D:10     | Entered Level 10 of the Dungeon
 12697 | D:10     | Killed an unseen horror
 12697 | D:10     | Reached XP level 11. HP: 31/82 MP: 10/10
 12852 | D:10     | HP: 1/82 [orc/flail (4)]
 12852 | D:10     | Mangled by an orc warrior

Action                   |  1- 3 |  4- 6 |  7- 9 | 10-12 || total
-------------------------+-------+-------+-------+-------++-------
Melee: Hand axe          |    84 |    99 |   187 |       ||   370
       War axe           |       |       |   186 |   348 ||   534
Invok: Berserk           |       |     1 |    10 |     4 ||    15
       Burn Spellbooks   |       |       |       |     1 ||     1
  Use: Scroll            |     3 |     8 |     9 |     7 ||    27
       Potion            |       |     2 |     2 |     4 ||     8
 Stab: Sleeping          |     1 |       |       |       ||     1
  Eat: Bread ration      |     1 |       |     1 |       ||     2
       Chunk             |       |     3 |     6 |     7 ||    16
       Meat ration       |       |     1 |     2 |       ||     3
       Pizza             |       |     1 |       |     1 ||     2
       Fruit             |       |       |       |     9 ||     9
